Unix NetHack Version 5.0.0-0 post-release - last build Jun 10 2026 00:39:30 (3ee93aec679c4c4259841fe613dc97188e26a321,branch:main).

Game began 2026-06-13 18:25:55, ended 2026-06-13 18:43:31.

ARFwashere, neutral male human Caveman

                                             -------------
                       -------              #*...........|       ------------
                       |.....|              #|...........|       |..........|
                       |.....|              #|...........|    ###)......>...|
 ------------          |.....|              #|...........|   ##  --------.---
 |)%*+*!?!*.|          |.....|              #----|---.----  ##           #
 |+!"!)((!!.-##########......-####################   #      #            #
 |*!?!((!(!.|          --|----              #        Z      #            #
 |!?]%)+?%![|            #                  #        @      #            #
 |!!%!??(**+|            ##                 #        e     ##            #
 ------------             #                 #        #     #             ##
                          #               ###        #    ##              #
                          #                 ###############               #
                          ###         ------#      -|---########)######## #
                          --.--       |....|#      |...|##             -.-+-
                          |{...#######|....|#      |.(.|#              |..<|
                          |...|      )-....|#      |...|#              |...|
                          |.>..#      |.....#      |...|###############....|
                          -----       ------#      --|--               ---.-
                                                     #
ARFwashere the Aborigine  St:18/01 Dx:11 Co:15 In:9 Wi:11 Ch:12  Neutral
Dlvl:3  $:362 HP:0(36) Pw:20(20) AC:-1 Xp:4 T:2830  Burdened

Latest messages:
 You hear the splashing of a naiad.
 You see here a towel (for sale, 50 zorkmids).
 You see here 8 darts (for sale, 16 zorkmids).
 You see here a black potion (for sale, 50 zorkmids).
 You see here a pyramidal amulet (for sale, 150 zorkmids).
 You see here an egg (for sale, 9 zorkmids).
 You see here a ragged spellbook (for sale, 300 zorkmids).
 You see here a murky potion (for sale, 100 zorkmids).
 You see here a scroll labeled MAPIRO MAHAMA DIROMAT (for sale, 80 zorkmids).
 You see here a scroll labeled XIXAXA XOXAXA XUXAXA (for sale, 100 zorkmids).
 You see here a cream pie (for sale, 10 zorkmids).
 You see here a puce potion (for sale, 300 zorkmids).
 You see here a scroll labeled HACKEM MUCHE (for sale, 300 zorkmids).
 You see here a scroll labeled PRATYAVAYAH (for sale, 100 zorkmids).
 You see here a scroll labeled HAPAX LEGOMENON (for sale, 100 zorkmids).
 You see here a fortune cookie (for sale, 7 zorkmids).
 You see here a cloudy potion (for sale, 50 zorkmids).
 You see here a pick-axe (for sale, 50 zorkmids).
 You see here a golden potion (for sale, 300 zorkmids).
 That door is closed.
 In what direction? k
 The door opens.
 You miss the floating eye.
 You are frozen by the floating eye's gaze!
 You hear the chime of a cash register.
 The dwarf zombie misses!
 The dwarf zombie hits!
 The dwarf zombie hits!
 The dwarf zombie hits!
 The dwarf zombie hits!
 The dwarf zombie hits!
 The dwarf zombie hits!
 The dwarf zombie misses!
 The dwarf zombie hits!
 The dwarf zombie misses!
 The dwarf zombie misses!
 The dwarf zombie hits!
 The dwarf zombie hits!
 You hear water falling on coins.
 The dwarf zombie misses!
 The dwarf zombie hits!
 The dwarf zombie misses!
 The dwarf zombie hits!
 The dwarf zombie hits!
 The dwarf zombie misses!
 The dwarf zombie hits!
 You die...
 Do you want your possessions identified? [ynq] (y) y
 Do you want to see your attributes? [ynq] (y) y
 Do you want an account of creatures vanquished? [ynaq] (y) q

Inventory:
 Coins    ('$')
  $ - 362 gold pieces
 Weapons  (')')
  b - a +2 sling (alternate weapon; not wielded)
  D - a +0 elven dagger
  a - a +1 club (weapon in right hand)
 Armor    ('[')
  j - a blessed +3 orcish helm (being worn)
  w - an uncursed +1 pair of leather gloves (being worn)
  x - an uncursed +0 pair of high boots (being worn)
  B - an uncursed +0 alchemy smock with text "Don't make me poison you" (being worn)
  e - an uncursed +0 leather armor (being worn)
 Comestibles  ('%')
  G - an uncursed food ration
  p - an uncursed lembas wafer
 Scrolls  ('?')
  s - an uncursed scroll of blank paper
  A - an uncursed scroll of create monster
 Potions  ('!')
  i - an uncursed potion of confusion
  h - 2 blessed potions of healing
 Rings    ('=')
  f - an uncursed ring of stealth
  y - an uncursed ring of stealth
 Wands    ('/')
  n - a wand of lightning (0:4)
  C - a wand of speed monster (0:7)
 Tools    ('(')
  l - an uncursed oil lamp
 Gems/Stones  ('*')
  c - 19 uncursed flint stones
  d - 41 uncursed rocks (in quiver pouch)

ARFwashere the Caveman's attributes:

Background:
 You were an Aborigine, a level 4 human Caveman.
 You were neutral, on a mission for Ishtar
 who was opposed by Anu (lawful) and Anshar (chaotic).
 You were right-handed.
 You were in the Dungeons of Doom, on level 3.
 You entered the dungeon 2830 turns ago.
 You had 90 experience points, 70 more were needed to attain level 5.

Basics:
 You had 0 out of 36 hit points.
 You had all 20 energy points (spell power).
 Your armor class was -1.
 Your wallet contained 362 zorkmids.
 Autopickup was on for '$' plus thrown.

Final Characteristics:
 Your strength was 18/01 (limit:18/100).
 Your dexterity was 11 (limit:18).
 Your constitution was 15 (limit:18).
 Your intelligence was 9 (limit:18).
 Your wisdom was 11 (limit:18).
 Your charisma was 12 (limit:18).

Final Status:
 You weren't hungry.
 You were burdened; movement was slightly slowed.
 You were wielding a club.
 You had basic skill with club.

Final Attributes:
 You were piously aligned.
 You were poison resistant.
 You were acid resistant.
 Your items were protected from acid.
 You were warded.
 You are dead.

Miscellaneous:
 You didn't encounter any bones levels.
 Total elapsed playing time was 17 minutes and 35 seconds.

Major events:
 Turn
    1: ARFwashere the neutral human Caveman entered the dungeon
 2074: attained the rank of Aborigine (level 3)
 2830: killed by a dwarf zombie, while frozen by a floating eye's gaze

You didn't know any spells.

Skills:
 Fighting Skills
   bare handed combat [Basic]
 Weapon Skills
   dagger             [Unskilled]
   knife              [Unskilled]
   axe                [Unskilled]
   pick-axe           [Unskilled]
   club               [Basic]
   mace               [Unskilled]
   morning star       [Unskilled]
   flail              [Unskilled]
   hammer             [Unskilled]
   quarterstaff       [Unskilled]
   polearms           [Unskilled]
   spear              [Unskilled]
   trident            [Unskilled]
   bow                [Unskilled]
   sling              [Basic]
   boomerang          [Unskilled]
   unicorn horn       [Unskilled]
 Spellcasting Skills
   attack spells      [Unskilled]
   matter spells      [Unskilled]

Voluntary challenges:
 Character rerolling was not enabled.
 You never genocided any monsters.
 You never polymorphed an object.
 You never changed form.
 You used no wishes.
Achievements:
 You entered a shop.
 You attained the rank of Aborigine.

 The Dungeons of Doom: levels 1 to 4
    Level 1:
    Level 2:
       A general store, some fountains.
    Level 3: <- You were here.
       A general store, a fountain.
       Final resting place for
          you, killed by a dwarf zombie, while frozen by a floating eye's gaze.
    Level 4:
       A fountain.


Vanquished creatures:
  a little dog
  2 orc zombies
  3 dwarf zombies
  3 hobbits
  2 giant rats
  2 yellow molds
  2 gnome zombies
 11 jackals
  a fox
  a goblin
  a sewer rat
  a grid bug
  a lichen
  3 kobold zombies
 12 newts
46 creatures vanquished.

No species were genocided or became extinct.

Game over:
                       ----------
                      /          \
                     /    REST    \
                    /      IN      \
                   /     PEACE      \
                  /                  \
                  |    ARFwashere    |
                  |      362 Au      |
                  |   killed by a    |
                  |   dwarf zombie   |
                  |                  |
                  |                  |
                  |       2026       |
                 *|     *  *  *      | *
        _________)/\\_//(\/(/\)/\//\/|_)_______

Goodbye ARFwashere the Caveman...

You died in The Dungeons of Doom on dungeon level 3 with 856 points,
and 362 pieces of gold, after 2830 moves.
You were level 4 with a maximum of 36 hit points when you died.

